 Dungeon Crawl Stone Soup version 0.24.1-14-gf8d2b509d9 (webtiles) character file.

Game seed: 12610149299372137793, levelgen mode: deterministic

97 Temp85366 the Covered (level 4, 0/40 HPs)
             Began as a Minotaur Fighter on Jan 4, 2023.
             Succumbed to an orc wizard's poison
             ... on level 5 of the Dungeon.
             The game lasted 00:08:43 (1165 turns).

Temp85366 the Covered (Minotaur Fighter)            Turns: 1165, Time: 00:08:44

Health: 0/40       AC:  7    Str: 22    XL:     4   Next: 42%
Magic:  3/3        EV: 10    Int:  5    God:
Gold:   129        SH:  4    Dex:  9    Spells: 3/3 levels left

rFire    . . .     SeeInvis .   a - +0 long sword
rCold    . . .     Gourm    .   e - +0 buckler
rNeg     + . .     Faith    .   b - +0 scale mail
rPois    .         Spirit   .   (helmet restricted)
rElec    .         Reflect  .   (no cloak)
rCorr    .         Harm     .   (no gloves)
MR       .....                  (no boots)
Stlth    ..........             j - amulet of inaccuracy (curse)
HPRegen  0.13/turn              o - ring of positive energy
MPRegen  0.08/turn              (no ring)

@: lethally poisoned (0 -> -10), flying
A: retaliatory headbutt, horns 2
a: no special abilities


You were on level 5 of the Dungeon.
You were hungry.

You visited 1 branch of the dungeon, and saw 4 of its levels.

You collected 129 gold pieces.

Inventory:

Hand Weapons
 a - a +0 long sword (weapon)
Missiles
 h - 7 boomerangs of dispersal
 l - 23 bolts
 n - 10 poisoned darts (quivered)
 p - 22 arrows
 r - 5 silver javelins
Armour
 b - a +0 scale mail (worn)
 c - a +0 shield
 e - a +0 buckler (worn)
Jewellery
 j - a cursed amulet of inaccuracy (around neck)
 o - a ring of positive energy (left hand)
Scrolls
 g - 4 scrolls of identify
 k - a scroll of remove curse {unknown}
Potions
 d - a potion of might
 q - a potion of haste {unknown}


   Skills:
 + Level 4.2 Fighting
 + Level 3.1 Long Blades
 + Level 5.0 Armour
 + Level 1.2 Dodging
 + Level 0.1 Stealth
 + Level 4.0 Shields


You had 3 spell levels left.
You didn't know any spells.
Your spell library was empty.

Dungeon Overview and Level Annotations

Branches:
Dungeon (3/15)

Altars:
Ru


Innate Abilities, Weirdness & Mutations

You reflexively headbutt those who attack you in melee.
You have a pair of horns on your head.


Message History

Unknown command.
You closely miss something. Your headbutt misses something.
* * * LOW HITPOINT WARNING * * *
You feel sick.
You hear some strange, mumbled words.
A magic dart appears from out of thin air!
The magic dart hits you.
* * * LOW HITPOINT WARNING * * *
The jackal bites you but does no damage.
The orc barely misses you.
You drop 4 rations.
* * * LOW HITPOINT WARNING * * *
You feel sick. The jackal closely misses you. Something hits you.
* * * LOW HITPOINT WARNING * * *
The orc closely misses you. The jackal completely misses you.
It was a potion of flight.
You feel very buoyant.
You fly up into the air.
You feel less confused.
You die...

#....####.# #
####### #.# #.
#.†...# #.#
#.##.###.# #.#
###...<..#.#####.#
.....>....#...)...#
..........#########
.......o{.#
........@.#
........h.#
..........#
.......[.#
.........#
.........#
######.### #.


You could see an orc and a jackal.

Vanquished Creatures
  An orc wizard (D:5)
  3 adders
  An ooze (D:3)
  2 dart slugs (D:1)
  2 orcs
  5 bats
  4 goblins
  2 hobgoblins (D:1)
  4 jackals
  A frilled lizard (D:1)
  5 kobolds
  4 rats
34 creatures vanquished.

Notes
Turn   | Place    | Note
-------+----------+-------------------------------------------
     0 | D:1      | Temp85366 the Minotaur Fighter began the quest for the Orb.
     0 | D:1      | Reached XP level 1. HP: 19/19 MP: 0/0
   176 | D:1      | Reached XP level 2. HP: 27/27 MP: 1/1
   248 | D:1      | Reached skill level 4 in Armour
   499 | D:2      | Reached XP level 3. HP: 33/33 MP: 2/2
   692 | D:3      | Reached skill level 1 in Dodging
   778 | D:3      | Found a sacrificial altar of Ru.
  1111 | D:3      | Found a faded altar of an unknown god.
  1113 | D:3      | You fall into a shaft and drop 2 floors!
  1113 | D:5      | Entered Level 5 of the Dungeon
  1146 | D:5      | Reached skill level 5 in Armour
  1146 | D:5      | Reached XP level 4. HP: 25/40 MP: 3/3
  1163 | D:5      | HP: 2/40 [something/magic dart (6)]
  1165 | D:5      | Succumbed to an orc wizard's poison

Levels and vault maps discovered:
D:1:      dpeg_arrival_short_road, layout_basic
D:2:      layout_rooms, grunt_qazlal_sundering, lemuel_crystal_altar
D:3:      layout_loops_corners, lemuel_doored_altar, first_ration,
          chequers_ecumenical_altar_simple
D:5:      layout_basic, eat_drink_and_be_merry_uskayaw,
          nicolae_overflow_crystal_walls, grunt_dithmenos_smoke,
          overflow_temple_1_default, temple_doors_cd, kennysheep_small_square

Skill      XL: |  1  2  3 |
---------------+----------+-----
Armour         | 4 5 |  5.0
Fighting       | 4 |  4.2
Dodging        | 1 |  1.2
Long Blades    | 3 |  3.1
Shields        | 4 |  4.0
Stealth        | |  0.1

Action                   |  1- 3 |  4- 6 || total
-------------------------+-------+-------++-------
Melee: Long sword        |    68 |    10 ||    78
       Headbutt          |    14 |       ||    14
  Use: Scroll            |     1 |       ||     1
       Potion            |       |     2 ||     2
Armor: Scale mail        |    53 |    14 ||    67
Dodge: Dodged            |    42 |    19 ||    61
Block: Buckler           |    19 |     3 ||    22
       Rpst.: Long sword |    16 |     1 ||    17
